[Event "Early-Titled-Tuesday-Blitz-February-20-2024"]
[Site "Chess.com"]
[Date "2024.02.20"]
[Round "4"]
[White "abeljusto"]
[Black "LaPiToB"]
[Result "1-0"]
[WhiteElo "2093"]
[BlackElo "2291"]
[TimeControl "180+1"]
[EndTime "8:37:21 PST"]
[Termination "abeljusto won on time"]

1. d4 Nf6 2. Bf4 d5 3. e3 c5 4. dxc5 Nc6 5. Bb5 Qa5+ 6. Nc3 e6 7. a3 Bxc5 8. b4 Bxb4 9. axb4 Qxb4 10. Bxc6+ bxc6 11.
Qd2 a5 12. Nge2 O-O 13. O-O Rd8 14. Rfb1 Qe7 15. Bg5 1-0

[Event "Early-Titled-Tuesday-Blitz-February-20-2024"]
[Site "Chess.com"]
[Date "2024.02.20"]
[Round "4"]
[White "Al_Shima"]
[Black "santosalberto1987"]
[Result "1-0"]
[WhiteElo "2395"]
[BlackElo "2571"]
[TimeControl "180+1"]
[EndTime "8:37:22 PST"]
[Termination "Al_Shima won by resignation"]

1. d4 d5 2. Nc3 Nf6 3. Bf4 e6 4.
Nb5 Bb4+ 5. c3 Ba5 6. a4 a6 7.
b4 axb5 8. axb5 Ne4 9. bxa5 Nxc3 10. Qb3 Ne4 11. e3 Rg8 12. Nf3 g5 13. Bg3 h5 14. h4 Nxg3 15. fxg3 g4 16. Ne5 Nd7 17. Nxd7 Bxd7 18. Bd3 Qf6 19. Rf1 Qh6 20. Ke2 f5 21. Qc3 c6 22. a6 bxa6 23. bxc6 Bc8 24. c7 Ke7 25. Qc5+ Kf6 26. Qc6 Ra7 27. Rxf5+ Kg7 28.
Rg5+ Kh8 29. Rxg8+ Kxg8 30. Rf1 Qg7 31. Qe8+ 1-0

[Event "Early-Titled-Tuesday-Blitz-February-20-2024"]
[Site "Chess.com"]
[Date "2024.02.20"]
[Round "4"]
[White "ajedrez-facil"]
[Black "The_Straightforward_Rook"]
[Result "1-0"]
[WhiteElo "2246"]
[BlackElo "2473"]
[TimeControl "180+1"]
[EndTime "8:37:25 PST"]
[Termination "ajedrez-facil won by checkmate"]

1. e4 c6 2. d4 d5 3. exd5 cxd5 4. Bd3 Nc6 5. Nf3 Qc7 6. O-O Bg4 7. c3 e6 8. Bg5 Bd6 9. Nbd2 Nge7 10. Bh4 Nf5 11.
Bxf5 Bxf5 12. Bg3 Bxg3 13. hxg3 h5 14. Re1 Kf8 15. Ne5 Nxe5 16. Rxe5 h4 17. g4 Bg6 18. Nf3 h3 19. g3 Be4 20. Kh2 g6 21. Ng5 Re8 22.
Nxe4 dxe4 23. Rxe4 Qc6 24. Qf3 f5 25. Rf4 Ke7 26.
Qxc6 bxc6 27. gxf5 gxf5 28. Re1 Kf6 29. b4 e5 30.
dxe5+ Rxe5 31. Rxe5 Kxe5 32. Rc4 Kd5 33. Rd4+ Ke5 34. Rc4 Kd5 35. Rh4 Rxh4 36. gxh4 Kc4 37. h5 Kxc3 38. h6 Kxb4 39. h7 c5 40. h8=Q c4 41.
Qb2+ Kc5 42. Kxh3 a5 43. Kg3 Kd5 44. Kf4 c3 45. Qxc3 Kd6 46. Qxa5 Ke6 47. Qc5 Kd7 48.
Qb6 Kc8 49. Qa7 Kd8 50. Ke5 Ke8 51. Ke6 Kf8 52. Qf7# 1-0

[Event "Early-Titled-Tuesday-Blitz-February-20-2024"]
[Site "Chess.com"]
[Date "2024.02.20"]
[Round "4"]
[White "KorolDimitriy75"]
[Black "MKlose11"]
[Result "0-1"]
[WhiteElo "2426"]
[BlackElo "2629"]
[TimeControl "180+1"]
[EndTime "8:37:27 PST"]
[Termination "MKlose11 won by resignation"]

1. d4 Nf6 2. c4 c5 3. d5 b5 4. Nd2 bxc4 5. e4 d6 6. Bxc4 g6 7. b3 Bg7 8. Bb2 O-O 9. Ngf3 Ba6 10. O-O Nfd7 11. Bxg7 Kxg7 12. Re1 f6 13. Qc2 Nb6 14. Qc3 Kg8 15. h3 Qc8 16. Nh2 N8d7 17. f4 Bxc4 18.
bxc4 Qa6 19. Nhf3 Rab8 20. e5 Na4 21. Qe3 Nb2 22. exd6 exd6 23. Qe6+ Rf7 24. Ne4 Nxc4 25. Neg5 fxg5 26. Nxg5 Rf8 27. f5 Nce5 28. fxg6 hxg6 29. Rf1 Qd3 30. Rad1 Qe3+ 31. Kh1 Qxg5 32. Rxf7 Rxf7 33. Rb1 Qf6 0-1

[Event "Early-Titled-Tuesday-Blitz-February-20-2024"]
[Site "Chess.com"]
[Date "2024.02.20"]
[Round "4"]
[White "the_blue_pill"]
[Black "lrestevez"]
[Result "1/2-1/2"]
[WhiteElo "2392"]
[BlackElo "2190"]
[TimeControl "180+1"]
[EndTime "8:37:30 PST"]
[Termination "Game drawn by repetition"]

1. d4 Nf6 2. Bf4 c5 3. c3 Qb6 4. Qb3 cxd4 5. Qxb6 axb6 6. cxd4 Nc6 7. e3 Nb4 8. Na3 Rxa3 9. bxa3 Nc2+ 10. Kd2 Nxa1 11. Bd3 e6 12. Nf3 Bxa3 13. Rxa1 Bb4+ 14. Ke2 d5 15.
Rb1 Ba5 16. Bd6 Bd7 17. Ne5 Bc6 18. Rc1 Ne4 19. Bxe4 dxe4 20. Ba3 Bb5+ 21. Kd1 Ba4+ 22. Ke2 Bb5+ 23. Kd1 Ba4+ 24. Ke2 Bb5+ 1/2-1/2

[Event "Early-Titled-Tuesday-Blitz-February-20-2024"]
[Site "Chess.com"]
[Date "2024.02.20"]
[Round "4"]
[White "YurasovMat-2012"]
[Black "ilya2700"]
[Result "0-1"]
[WhiteElo "2641"]
[BlackElo "2362"]
[TimeControl "180+1"]
[EndTime "8:37:32 PST"]
[Termination "ilya2700 won by resignation"]

1. e4 c5 2. Nf3 e6 3. b3 d5 4. exd5 exd5 5. Bb2 Nc6 6. Bb5 Nf6 7. O-O Bd6 8. Re1+ Be6 9. Ne5 Qc7 10. f4 O-O 11.
Bxc6 bxc6 12. Nc3 c4 13. Qe2 cxb3 14. axb3 Rfe8 15. Qf2 Bf5 16. d3 Rad8 17. Rxa7 Qc8 18. Raa1 Nd7 19. Nxd7 Qxd7 20. Ne2 Bg6 21. Ng3 f6 22. f5 Bf7 23. Ne2 Re7 24. Nd4 Rde8 25. Rxe7 Rxe7 26. Re1 Be5 27. Ra1 c5 28. Ra8+ Re8 29.
Rxe8+ Qxe8 30. b4 Bxd4 31. Bxd4 cxd4 32. b5 Qxb5 33. Qxd4 Qb1+ 34. Kf2 Qxc2+ 35. Kg3 Qc7+ 36. Kh3 Qe5 37. Qf2 g6 38. g4 h5 39. gxh5 Qxf5+ 40.
Qxf5 gxf5 41. h6 Kh7 42. Kg3 Kxh6 43. Kf4 Be6 44. d4 Kh5 45. Kg3 Kg5 46. Kf3 f4 47.
h4+ Kxh4 48. Kxf4 Bg4 49. Ke3 Kg3 0-1

[Event "Early-Titled-Tuesday-Blitz-February-20-2024"]
[Site "Chess.com"]
[Date "2024.02.20"]
[Round "4"]
[White "MatthewG-p4p"]
[Black "Grischuk"]
[Result "1-0"]
[WhiteElo "2893"]
[BlackElo "3096"]
[TimeControl "180+1"]
[EndTime "8:37:33 PST"]
[Termination "MatthewG-p4p won by resignation"]

1. e4 e5 2. Nf3 Nc6 3. d4 exd4 4.
c3 d5 5. exd5 Qxd5 6. cxd4 Bg4 7. Be2 O-O-O 8. Nc3 Qa5 9. Be3 Nge7 10. O-O Nf5 11. Qb3 Bb4 12. a3 Bxc3 13. bxc3 Nxe3 14. fxe3 Kb8 15. Rab1 Bc8 16. Bb5 Rd6 17. Ng5 Rg6 18. Nxf7 Rf8 19. Bxc6 Rxc6 20. Ne5 Rxf1+ 21. Rxf1 Rxc3 22. Qg8 Qb5 23. Qxc8+ 1-0

[Event "Early-Titled-Tuesday-Blitz-February-20-2024"]
[Site "Chess.com"]
[Date "2024.02.20"]
[Round "4"]
[White "MasterKroket"]
[Black "EdmundPlayer"]
[Result "1-0"]
[WhiteElo "2516"]
[BlackElo "2308"]
[TimeControl "180+1"]
[EndTime "8:37:33 PST"]
[Termination "MasterKroket won by checkmate"]

1. e4 c6 2. d4 d5 3. Nc3 dxe4 4. Nxe4 Bf5 5. Ng3 Bg6 6. h4 h6 7. Nf3 Nd7 8. h5 Bh7 9. Bd3 Bxd3 10. Qxd3 Ngf6 11.
Bd2 e6 12. O-O-O Be7 13. Ne4 Nxe4 14. Qxe4 Nf6 15. Qe2 Qb6 16. Kb1 c5 17. Be3 Nd5 18. dxc5 Qb4 19. Rxd5 exd5 20. Bd4 Kf8 21. Qe5 Bf6 22.
Qd6+ Be7 23. Qg3 Rg8 24. c3 Qb5 25. Ne5 Rd8 26. Re1 Bxc5 27. Ng6+ fxg6 28. Qf4# 1-0

[Event "Early-Titled-Tuesday-Blitz-February-20-2024"]
[Site "Chess.com"]
[Date "2024.02.20"]
[Round "4"]
[White "JiaHaoxiang"]
[Black "GOGIEFF"]
[Result "0-1"]
[WhiteElo "2618"]
[BlackElo "3018"]
[TimeControl "180+1"]
[EndTime "8:37:34 PST"]
[Termination "GOGIEFF won by resignation"]

1. d4 Nf6 2. g3 c5 3. dxc5 e6 4.
Bg2 Bxc5 5. Nf3 O-O 6. O-O Nc6 7. a3 d5 8. b4 Bb6 9. Bb2 Qe7 10. Ne5 Rd8 11.
Nxc6 bxc6 12. c4 a5 13. cxd5 cxd5 14. b5 a4 15. Nc3 Qa7 16. Rc1 Bd7 17. Qd3 Ng4 18.
e3 Ne5 19. Qe2 Nc4 20. Rfd1 Rac8 21. Ba1 Nxe3 22. fxe3 Bxe3+ 23. Kh1 Bxc1 24. Rxc1 d4 25. Na2 Rxc1+ 26. Nxc1 Qc5 27. Nd3 Bxb5 28. Nxc5 Bxe2 29. Ne4 e5 30. Kg1 Rc8 0-1

[Event "Early-Titled-Tuesday-Blitz-February-20-2024"]
[Site "Chess.com"]
[Date "2024.02.20"]
[Round "4"]
[White "dosto07"]
[Black "le-castor-faineant"]
[Result "1/2-1/2"]
[WhiteElo "2495"]
[BlackElo "2287"]
[TimeControl "180+1"]
[EndTime "8:37:34 PST"]
[Termination "Game drawn by repetition"]

1. e4 e5 2. Nf3 Nf6 3. d4 Nxe4 4. Bd3 d5 5. Nxe5 Bd6 6. O-O O-O 7. Nd2 Nxd2 8. Qxd2 Nd7 9. Nxd7 Bxd7 10. Qg5 Qxg5 11.
Bxg5 Rae8 12. Rfe1 Rxe1+ 13. Rxe1 Re8 14. Rd1 f6 15. Bh4 Kf7 16. Bg3 Bxg3 17. hxg3 Bg4 18. f3 Bh5 19. Kf2 Bg6 20. Bxg6+ Kxg6 21. Rd3 Re6 22.
Rb3 Rb6 23. Rxb6 axb6 24. g4 f5 25. Kg3 fxg4 26. Kxg4 Kf6 27. g3 g6 28. f4 h5+ 29.
Kf3 Kf5 30. c3 b5 31. b3 c6 32. a3 b6 33. a4 bxa4 34. bxa4 g5 35. fxg5 Kxg5 36.
Ke3 Kg4 37. Kf2 Kg5 38. Kf3 Kf5 39. Ke3 Kg4 40. Kf2 Kg5 41. Kf3 Kf5 42. Ke3 Kg4 1/2-1/2

[Event "Early-Titled-Tuesday-Blitz-February-20-2024"]
[Site "Chess.com"]
[Date "2024.02.20"]
[Round "4"]
[White "marsofsilva"]
[Black "Mikasinski"]
[Result "0-1"]
[WhiteElo "2190"]
[BlackElo "2636"]
[TimeControl "180+1"]
[EndTime "8:37:39 PST"]
[Termination "Mikasinski won on time"]

1. d4 Nf6 2. c4 g6 3. g3 Bg7 4.
Bg2 O-O 5. Nc3 d6 6. Nf3 Nc6 7.
O-O a6 8. d5 Na5 9. b3 c5 10.
Bd2 Rb8 11. Qe1 e6 12. e4 exd5 13. Nxd5 Nc6 14. Nxf6+ Bxf6 15. Rd1 Re8 16. h4 Bg4 17. Bf4 Nd4 18. Rd3 b5 19. Nxd4 Bxd4 20. cxb5 axb5 21. b4 Ra8 22. Qd2 Ra4 23. bxc5 dxc5 24. Be3 Be6 25. a3 Bc4 26. Bxd4 Bxd3 27. Rd1 Rxd4 0-1

[Event "Early-Titled-Tuesday-Blitz-February-20-2024"]
[Site "Chess.com"]
[Date "2024.02.20"]
[Round "4"]
[White "blitzking1729"]
[Black "Licancabur"]
[Result "1-0"]
[WhiteElo "2718"]
[BlackElo "2416"]
[TimeControl "180+1"]
[EndTime "8:37:41 PST"]
[Termination "blitzking1729 won on time"]

1. e4 Nf6 2. d3 d5 3. Nd2 e5 4. Ngf3 Nc6 5. Be2 Be7 6. O-O O-O 7. c3 h6 8. Qc2 Be6 9. Re1 Re8 10. Nf1 Qd7 11.
a3 a5 12. a4 Rad8 13. Ng3 Bf8 14. Be3 Ng4 15. Bd2 Bc5 16. Rf1 Nf6 17. Rad1 Qe7 18. h3 Bc8 19. Rfe1 dxe4 20. dxe4 Rd6 21. Nh4 Ng4 22.
Nhf5 Bxf2+ 23. Kh1 Bxf5 24. Nxf5 Qd8 25. Nxd6 Bxe1 26. Bxg4 1-0

[Event "Early-Titled-Tuesday-Blitz-February-20-2024"]
[Site "Chess.com"]
[Date "2024.02.20"]
[Round "4"]
[White "Young_Catalan_Player09"]
[Black "Arystanner"]
[Result "1-0"]
[WhiteElo "2568"]
[BlackElo "2763"]
[TimeControl "180+1"]
[EndTime "8:37:43 PST"]
[Termination "Young_Catalan_Player09 won by resignation"]

1. d4 d5 2. Nf3 Nf6 3. c4 e6 4. g3 Be7 5. Bg2 O-O 6. O-O c6 7. Nc3 a5 8. Nd2 b5 9. cxb5 cxb5 10. Nxb5 Qb6 11. a4 Ba6 12. e4 Bxb5 13. axb5 Qxb5 14. exd5 exd5 15. Nf3 Nc6 16. Ne5 Nxe5 17. dxe5 Ne4 18. Be3 Rfd8 19. Qa4 Qb7 20. Rfd1 Bb4 21. Rd4 h6 22. Rad1 Nc5 23. Qa2 Rac8 24. Bxd5 Qe7 25. Bxf7+ Kh8 26. Rxd8+ Rxd8 27. Rxd8+ Qxd8 28. e6 Qd1+ 29. Kg2 Nd3 30. Qc4 1-0

[Event "Early-Titled-Tuesday-Blitz-February-20-2024"]
[Site "Chess.com"]
[Date "2024.02.20"]
[Round "4"]
[White "arturdailima"]
[Black "Dewarfd"]
[Result "1-0"]
[WhiteElo "2378"]
[BlackElo "2142"]
[TimeControl "180+1"]
[EndTime "8:37:43 PST"]
[Termination "arturdailima won on time"]

1. Nf3 Nf6 2. g3 g6 3. Bg2 Bg7 4. O-O d5 5. d4 O-O 6. c4 dxc4 7.
Na3 c5 8. dxc5 Qc7 9. Nxc4 Qxc5 10. b3 Be6 11. Ba3 Qc7 12. Rc1 Rd8 13. Qe1 Nc6 14. Nce5 Bd5 15. Nxc6 Bxc6 16. Ne5 Qxe5 17. Bxc6 bxc6 18.
Rxc6 e6 19. Rc4 Nd5 20. e4 Nb6 21. Rc2 Rac8 22. Bb2 Qd6 23. e5 Qd3 24. Re2 Nd5 25.
Ba3 Rc2 26. Rxc2 Qxc2 27. Qa5 Rc8 28. Bd6 Nc3 29. Qa6 Ne2+ 30. Kg2 Qe4+ 31. f3 1-0

[Event "Early-Titled-Tuesday-Blitz-February-20-2024"]
[Site "Chess.com"]
[Date "2024.02.20"]
[Round "4"]
[White "ural58"]
[Black "ContrVersia"]
[Result "0-1"]
[WhiteElo "2518"]
[BlackElo "2833"]
[TimeControl "180+1"]
[EndTime "8:37:44 PST"]
[Termination "ContrVersia won by resignation"]

1. e4 c5 2. b3 Nc6 3. Bb2 Nf6 4. e5 Nd5 5. Nf3 g6 6. Ng5 e6 7. Ne4 Bg7 8. Nd6+ Kf8 9. c4 Nc7 10. f4 Ne8 11. Nxc8 Rxc8 12. Nc3 d6 13. exd6 Nxd6 14.
Be2 Nf5 15. O-O Bd4+ 16. Kh1 h5 17. g3 h4 18. g4 Ng3+ 19. hxg3 hxg3+ 20. Kg2 Rh2+ 21. Kf3 g2 22. Rg1 Qh4 23. Qe1 Rh3+ 24. Kxg2 Rh2+ 25. Kf3 Rf2+ 0-1

[Event "Early-Titled-Tuesday-Blitz-February-20-2024"]
[Site "Chess.com"]
[Date "2024.02.20"]
[Round "4"]
[White "WindWhistler11"]
[Black "waspofborneo"]
[Result "1-0"]
[WhiteElo "2485"]
[BlackElo "2214"]
[TimeControl "180+1"]
[EndTime "8:37:45 PST"]
[Termination "WindWhistler11 won by resignation"]

1. Nf3 c5 2. g3 Nf6 3. Bg2 d5 4.
c4 Bf5 5. cxd5 Nxd5 6. d3 Bg6 7. Nc3 e6 8. Qb3 Qd7 9. Ne5 Qc7 10. Nxd5 exd5 11.
Qxd5 Nd7 12. Qxb7 Qxb7 13. Bxb7 Rb8 14. Bc6 Bf5 15. e4 Be6 16. f4 g6 17. Bd2 Bg7 18. Bc3 Kd8 19. Bxd7 Bxd7 20. Nxf7+ Ke7 21. Nxh8 Bxc3+ 22. bxc3 1-0

[Event "Early-Titled-Tuesday-Blitz-February-20-2024"]
[Site "Chess.com"]
[Date "2024.02.20"]
[Round "4"]
[White "hansen"]
[Black "Huragan007"]
[Result "1-0"]
[WhiteElo "2918"]
[BlackElo "2605"]
[TimeControl "180+1"]
[EndTime "8:37:46 PST"]
[Termination "hansen won by resignation"]

1. e4 c5 2. Nf3 d6 3. c3 Nf6 4.
Be2 Bg4 5. h3 Bxf3 6. Bxf3 Nc6 7. d3 g6 8. O-O Bg7 9. Re1 O-O 10. Be2 b5 11. a3 Rb8 12. Nd2 a5 13. Nf3 b4 14.
axb4 axb4 15. Qc2 Nd7 16. Be3 Qb6 17. Reb1 b3 18. Qd1 Ra8 19. Rxa8 Rxa8 20. d4 Ra2 21. e5 dxe5 22. dxc5 Nxc5 23. Ng5 Qa5 24. Bc4 e6 25. Nxf7 Kxf7 26. Qf3+ Bf6 27. Qxc6 Rxb2 28. Rxb2 Qa1+ 29. Kh2 Qxb2 30. Bxc5 Qxc3 31. Qxe6+ Kg7 32. Bf8+ Kxf8 33. Qxf6+ Ke8 34. Bb5+ 1-0

[Event "Early-Titled-Tuesday-Blitz-February-20-2024"]
[Site "Chess.com"]
[Date "2024.02.20"]
[Round "4"]
[White "Mr_November18"]
[Black "FaustinoOro"]
[Result "0-1"]
[WhiteElo "2132"]
[BlackElo "2898"]
[TimeControl "180+1"]
[EndTime "8:37:46 PST"]
[Termination "FaustinoOro won by resignation"]

1. e4 e5 2. Nf3 Nc6 3. d4 exd4 4. Bc4 Nf6 5. e5 d5 6. Bb5 Ne4 7. Nxd4 Bd7 8. Bxc6 bxc6 9. O-O Bc5 10. f3 Ng5 11. f4 Ne4 12. Be3 O-O 13. Nd2 Nxd2 14. Qxd2 f6 15. Nb3 Bb6 16. Qc3 fxe5 17. fxe5 Qh4 18. Kh1 Rae8 19. Bd4 Qe4 20. Nc5 Rxf1+ 21. Rxf1 Bxc5 22. Qxc5 Bh3 23. Rg1 Rf8 24. Qxa7 Bxg2+ 25. Rxg2 Rf1+ 26. Bg1 h5 27. Qb8+ Kh7 28. Qxc7 Rxg1+ 0-1

[Event "Early-Titled-Tuesday-Blitz-February-20-2024"]
[Site "Chess.com"]
[Date "2024.02.20"]
[Round "4"]
[White "C_K_G"]
[Black "GM_Huschenbeth"]
[Result "0-1"]
[WhiteElo "2169"]
[BlackElo "2473"]
[TimeControl "180+1"]
[EndTime "8:37:47 PST"]
[Termination "GM_Huschenbeth won by resignation"]

1. e4 c5 2. Nf3 d6 3. d4 cxd4 4. Nxd4 Nf6 5. Nc3 a6 6. Be2 Nbd7 7. Be3 e6 8. O-O b5 9. a3 Bb7 10. Bd3 Nc5 11. f3 Be7 12. Kh1 O-O 13. Qe2 Qc7 14. g4 d5 15. g5 dxe4 16. gxf6 exd3 17. fxe7 dxe2 18.
exf8=Q+ Rxf8 19. Ncxe2 Qe5 20. Bf4 Qf6 21. Bd6 Rc8 22.
Rad1 e5 23. Bxc5 Rxc5 24. Nb3 Rxc2 25. Ng1 Qg5 26. Nd2 Rxd2 27. Rxd2 Qxd2 28. Nh3 Qe2 29. Kg1 Bxf3 30. Nf2 Qe3 0-1

[Event "Early-Titled-Tuesday-Blitz-February-20-2024"]
[Site "Chess.com"]
[Date "2024.02.20"]
[Round "4"]
[White "Kgutierrez95"]
[Black "morozcoma"]
[Result "1-0"]
[WhiteElo "2135"]
[BlackElo "2270"]
[TimeControl "180+1"]
[EndTime "8:37:47 PST"]
[Termination "Kgutierrez95 won on time"]

1. e4 e5 2. Nf3 Nc6 3. Bb5 Nge7 4. Qe2 g6 5. c3 Bg7 6. O-O a6 7. Ba4 O-O 8. d3 Kh8 9. Rd1 d6 10. d4 exd4 11. cxd4 b5 12. Bb3 Bb7 13. Nc3 Kg8 14.
Bg5 h6 15. Bh4 g5 16. Bg3 Ng6 17. e5 b4 18. Nd5 Re8 19. Qc4 Na5 20. Qxb4 Nxb3 21.
Qxb3 Rb8 22. Qc4 1-0

[Event "Early-Titled-Tuesday-Blitz-February-20-2024"]
[Site "Chess.com"]
[Date "2024.02.20"]
[Round "4"]
[White "ElephantChessGenius"]
[Black "arenal72"]
[Result "0-1"]
[WhiteElo "2321"]
[BlackElo "2574"]
[TimeControl "180+1"]
[EndTime "8:37:49 PST"]
[Termination "arenal72 won by checkmate"]

1. e4 Nc6 2. Nf3 d6 3. d4 Nf6 4.
d5 Nb8 5. Nc3 g6 6. Bg5 Bg7 7.
Qd2 a6 8. a4 O-O 9. h4 c6 10.
Be2 Nbd7 11. Kf1 Nc5 12. Qe3 h6 13. Bf4 cxd5 14. exd5 Bf5 15. Rc1 Rc8 16. b4 Ng4 17. Qd2 Bxc3 18. Qxc3 Nd3 19. Qd4 Nxc1 20. Bxc1 Rxc2 21. Bb2 f6 22. Ne1 Rxb2 23. Qxb2 Ne5 24. Rg1 Qb6 25. g4 Bd7 26. f4 Qe3 27. Ng2 Qe4 28. fxe5 fxe5+ 29. Ke1 Bxg4 30. Qd2 Bxe2 31. Qxe2 Qxb4+ 32. Kd1 Qb1+ 33. Kd2 Qxg1 34. Qg4 Kh7 35. h5 Rf2+ 36. Kc3 Qxg2 37. Qe6 Rc2+ 38. Kb4 Qd2+ 39. Ka3 Qc3# 0-1

[Event "Early-Titled-Tuesday-Blitz-February-20-2024"]
[Site "Chess.com"]
[Date "2024.02.20"]
[Round "4"]
[White "maurovargas01"]
[Black "mestrefeitosa19"]
[Result "0-1"]
[WhiteElo "1877"]
[BlackElo "2236"]
[TimeControl "180+1"]
[EndTime "8:37:49 PST"]
[Termination "mestrefeitosa19 won on time"]

1. e4 e5 2. Nf3 Nc6 3. d4 exd4 4. Bc4 Bc5 5. c3 Nf6 6. e5 d5 7. exd6 Qxd6 8. O-O O-O 9. Bg5 Bg4 10. Nbd2 dxc3 11. bxc3 h6 12. Bh4 Rad8 13. Qc2 Ne5 14.
Bg3 Nxf3+ 15. Nxf3 Qc6 16. Ne5 Qe4 17. Qxe4 Nxe4 18.
Nxg4 Nd2 19. Bb3 Nxf1 20. Rxf1 Rd3 21. Ra1 Rxc3 22. Be5 Rd3 23. Bxc7 Bd4 24. Ba5 Bxa1 25. Bb4 Rfd8 26. Ne3 Bd4 27. Nd5 Bb6 28. Ne7+ Kh8 29. h3 Bc7 0-1

[Event "Early-Titled-Tuesday-Blitz-February-20-2024"]
[Site "Chess.com"]
[Date "2024.02.20"]
[Round "4"]
[White "IM_ArthurDW08"]
[Black "Sina_Movahed"]
[Result "0-1"]
[WhiteElo "2777"]
[BlackElo "2970"]
[TimeControl "180+1"]
[EndTime "8:37:50 PST"]
[Termination "Sina_Movahed won by resignation"]

1. e4 c5 2. Nf3 d6 3. d4 cxd4 4. Nxd4 Nf6 5. Nc3 g6 6. Be3 a6 7.
f3 h5 8. Qd2 Nbd7 9. O-O-O b5 10. Kb1 Bb7 11. g3 Bg7 12. h3 Ne5 13. Be2 Rc8 14.
g4 Qc7 15. a3 Qb8 16. g5 Nfd7 17. f4 Nc4 18. Bxc4 bxc4 19. Rhe1 Nc5 20. Bg1 O-O 21.
f5 Rfe8 22. Bh2 Ba8 23. Qf2 Qb6 24. Ka1 Rb8 0-1

[Event "Early-Titled-Tuesday-Blitz-February-20-2024"]
[Site "Chess.com"]
[Date "2024.02.20"]
[Round "4"]
[White "gpsji27"]
[Black "the-do0on"]
[Result "1-0"]
[WhiteElo "2305"]
[BlackElo "2038"]
[TimeControl "180+1"]
[EndTime "8:37:50 PST"]
[Termination "gpsji27 won by resignation"]

1. d4 Nf6 2. Nf3 c5 3. d5 b6 4. Nc3 Bb7 5. e4 e6 6. Bg5 exd5 7. Nxd5 Bxd5 8. exd5 d6 9. Be2 Be7 10. O-O O-O 11. Re1 Nbd7 12. Bf4 Re8 13. c4 Bf8 14. Qc2 Ne5 15. Bxe5 dxe5 16. Bd3 Bd6 17. Ng5 h6 18.
Bh7+ Kf8 19. Ne4 Nxe4 20. Bxe4 Kg8 21. Rad1 Qg5 22. Rd3 Bf8 23. Rg3 Qf6 24. Ree3 Rad8 25. Ref3 Qd6 26. Bh7+ Kh8 27. Rxf7 Rd7 28. Bg6 Rxf7 29.
Bxf7 Re7 30. Be6 a6 31. h3 e4 32. Qxe4 1-0

[Event "Early-Titled-Tuesday-Blitz-February-20-2024"]
[Site "Chess.com"]
[Date "2024.02.20"]
[Round "4"]
[White "MAGMAchess02"]
[Black "FLYD"]
[Result "1-0"]
[WhiteElo "2234"]
[BlackElo "1861"]
[TimeControl "180+1"]
[EndTime "8:37:50 PST"]
[Termination "MAGMAchess02 won by resignation"]

1. e4 c6 2. Nf3 d5 3. d3 Qc7 4. Nc3 e6 5. g3 Nf6 6. Bg2 Bb4 7. Qe2 Bxc3+ 8. bxc3 dxe4 9. dxe4 O-O 10. O-O b6 11.
e5 Nd5 12. c4 Ne7 13. Bg5 Bb7 14. h4 h6 15. Bf4 Nd7 16. h5 c5 17. Rfd1 Rfd8 18. g4 Nc6 19. c3 Ba6 20. g5 hxg5 21. Nxg5 Ncxe5 22. Bxa8 Rxa8 23. Rxd7 Qxd7 24. Qxe5 Bxc4 25.
Qe4 Bd3 26. Qxa8+ 1-0

[Event "Early-Titled-Tuesday-Blitz-February-20-2024"]
[Site "Chess.com"]
[Date "2024.02.20"]
[Round "4"]
[White "Kunalm64"]
[Black "traviscottofficial"]
[Result "1-0"]
[WhiteElo "2522"]
[BlackElo "2743"]
[TimeControl "180+1"]
[EndTime "8:37:51 PST"]
[Termination "Kunalm64 won by resignation"]

1. e4 c6 2. d4 d5 3. e5 Bf5 4. h4 h5 5. Bd3 Bxd3 6. Qxd3 e6 7. Bg5 Qb6 8. Nd2 Nd7 9. Ngf3 c5 10. c4 Ne7 11. O-O cxd4 12. cxd5 Nxd5 13. Nc4 Qa6 14. Qxd4 Bc5 15. Qe4 Rc8 16. Ne3 Bxe3 17. Bxe3 Nxe3 18. Qxe3 Qb6 19. Qg5 g6 20. Rac1 O-O 21.
Qh6 Rfe8 22. Ng5 Nf8 23. Ne4 f5 24. Nf6+ Kf7 25. Qh8 Rxc1 26. Qg8+ Ke7 27. Qg7+ Kd8 28. Rxc1 a6 29. Nxe8 1-0

[Event "Early-Titled-Tuesday-Blitz-February-20-2024"]
[Site "Chess.com"]
[Date "2024.02.20"]
[Round "4"]
[White "WilsonPalencia21"]
[Black "Zurability"]
[Result "0-1"]
[WhiteElo "2538"]
[BlackElo "2739"]
[TimeControl "180+1"]
[EndTime "8:37:52 PST"]
[Termination "Zurability won by checkmate"]

1. d4 c5 2. d5 e5 3. c4 d6 4. Nc3 Be7 5. e4 Bg5 6. Bxg5 Qxg5 7. Nf3 Qd8 8. h3 Nf6 9. g4 O-O 10. Bd3 a6 11. Qe2 b5 12. cxb5 axb5 13. Bxb5 Ba6 14. O-O Bxb5 15. Nxb5 Na6 16. a3 Qb6 17. Nd2 Rfb8 18.
a4 Ne8 19. Nc4 Qd8 20. f4 exf4 21. Rxf4 Nb4 22. Nc3 Qe7 23. Raf1 f6 24. g5 fxg5 25.
Rf7 Qxf7 26. Rxf7 Kxf7 27. e5 dxe5 28. Qxe5 Nf6 29. Nd6+ Kf8 30. Qe6 Ra7 31. Nc8 Rd7 32.
Nb6 Re7 33. Qd6 Re8 34. Qxc5 Nd3 35. Qa3 Kf7 36. Nc4 Re1+ 37. Kh2 Kg6 38. Qd6 Rf1 39. Kg2 Rf2+ 40. Kg3 h5 41. h4 g4 42. Nb6 Rf3+ 43.
Kg2 Nf4+ 44. Kg1 Re1+ 45. Kh2 g3# 0-1

[Event "Early-Titled-Tuesday-Blitz-February-20-2024"]
[Site "Chess.com"]
[Date "2024.02.20"]
[Round "4"]
[White "Bkmzzzzz"]
[Black "Hilary46"]
[Result "0-1"]
[WhiteElo "2410"]
[BlackElo "2656"]
[TimeControl "180+1"]
[EndTime "8:37:54 PST"]
[Termination "Hilary46 won by resignation"]

1. e4 e5 2. Nf3 Nc6 3. Nc3 Nf6 4.
d4 exd4 5. Nxd4 Bb4 6. Nxc6 bxc6 7. Bd3 O-O 8. O-O d5 9. exd5 cxd5 10. Bg5 c6 11. Na4 h6 12. Bh4 Re8 13. c3 Bd6 14.
b4 Be5 15. Bc2 Qd6 16. Bg3 Bxg3 17. hxg3 a5 18. a3 axb4 19. axb4 Qe5 20. Qd3 Ba6 21. Qf3 Be2 22. Rfe1 Bxf3 23. Rxe5 Rxe5 24. gxf3 Re2 25. Bd3 Re7 26. Bc2 Rea7 27. Kf1 Nd7 28. Ke2 Nb6 29. Nxb6 Rxa1 30. Nxa8 Rxa8 31. Kd3 Kf8 32. Kd4 Ra2 33.
Bf5 Rxf2 34. Bd7 Ke7 35. Bxc6 Kd6 36. Ke3 Rg2 37. Be8 Rxg3 38. Bxf7 g6 39. b5 h5 40. b6 h4 41. b7 Kc7 42. Bxd5 h3 43. Kf2 Rg2+ 44. Kf1 Rd2 45. Be4 h2 46. f4 Rd1+ 47.
Ke2 h1=Q 48. Bxh1 Rxh1 49. Kf3 Rh3+ 50. Kg4 Rxc3 0-1

[Event "Early-Titled-Tuesday-Blitz-February-20-2024"]
[Site "Chess.com"]
[Date "2024.02.20"]
[Round "4"]
[White "alexrustemov"]
[Black "Goryachkina"]
[Result "1-0"]
[WhiteElo "2908"]
[BlackElo "2703"]
[TimeControl "180+1"]
[EndTime "8:37:55 PST"]
[Termination "alexrustemov won on time"]

1. d4 Nf6 2. c4 e6 3. Nf3 d5 4. Nc3 dxc4 5. e4 b5 6. e5 Nd5 7. Nxb5 Nb6 8. Be2 Nc6 9. Be3 Be7 10. a3 Bb7 11. Qc2 Na5 12. O-O Qd7 13. Nc3 O-O-O 14.
Rfd1 f5 15. Nd2 g5 16. f3 h5 17. b4 cxb3 18. Nxb3 Nxb3 19. Qxb3 f4 20. Bf2 g4 21. a4 gxf3 22. gxf3 Rhg8+ 23. Kf1 a5 24. Ne4 Qd5 25.
Qc2 h4 26. Rdc1 Rd7 27. Rab1 Kb8 28. Rb5 1-0